 Dungeon Crawl Stone Soup version 0.27-a0-695-gb4952372f7 (webtiles) character file.

Game seed: 6085588339744374871

112 Gaff the Vandal (level 5, -4/51 HPs)
             Began as a Halfling Hunter on Mar 22, 2021.
             Was an Initiate of Fedhas.
             Killed by divine providence
             ... invoked by an orc priest
              (10 damage)
             ... on level 3 of the Dungeon.
             The game lasted 00:12:47 (4499 turns).

Gaff the Vandal (Halfling Hunter)                   Turns: 4499, Time: 00:12:49

Health: -4/51      AC: 22    Str: 14    XL:     5   Next: 16%
Magic:  5/5        EV:  3    Int: 15    God:    Fedhas [......]
Gold:   88         SH:  0    Dex: 15    Spells: 4/4 levels left

rFire    . . .     SeeInvis .   b - +0 short sword
rCold    . . .     Faith    .   (shield restricted)
rNeg     + + +     Spirit   .   (armour currently unavailable)
rPois    +         Reflect  .   (helmet currently unavailable)
rElec    .         Harm     .   (cloak currently unavailable)
rCorr    .         Rampage  .   (gloves currently unavailable)
Will     .....     NoTele   +   (boots currently unavailable)
Stlth    +.........             (no amulet)
HPRegen  0.17/turn              o - +6 ring of intelligence
MPRegen  0.09/turn              (no ring)

@: confused, tree-form
A: stationary, stasis, torment immunity, boosted hp, small, no large weapons,
mutation resistance 1
a: Renounce Religion


You were on level 3 of the Dungeon.
You worshipped Fedhas.
Fedhas was noncommittal.
You were a tree.
You visited 1 branch of the dungeon, and saw 3 of its levels.

You collected 88 gold pieces.

Inventory:

Hand Weapons
 a - a +1 hunting sling
 b - a +0 short sword (weapon)
 q - a +1 whip of flaming
Missiles
 d - 42 sling bullets
 e - 35 stones (quivered)
 g - 10 poisoned darts
 m - 4 boomerangs
Armour
 c - a +0 leather armour (melded)
Jewellery
 o - a +6 ring of intelligence (right branch)
Scrolls
 f - a scroll of blinking {unknown}
 k - a scroll of acquirement {unknown}
 l - a scroll of fear {unknown}
 n - a scroll of teleportation
 r - a scroll of identify {unknown}
Potions
 i - a potion of mutation {unknown}
 j - a potion of ambrosia {unknown}
 p - a potion of degeneration {unknown}
 s - 2 potions of curing {unknown}


   Skills:
 - Level 1.7 Fighting
 * Level 7.9 Slings
 + Level 0.3 Armour
 - Level 2.1 Dodging
 - Level 2.7 Stealth
 + Level 1.0 Invocations


You had 4 spell levels left.
You didn't know any spells.
Your spell library was empty.

Dungeon Overview and Level Annotations

Branches:
Dungeon (3/15)

Altars:
Fedhas
Vehumet
The Shining One

Shops:
D:3 [

Annotations:
D:3 1 runed translucent door, Narval's ghost, amateur OgIE


Innate Abilities, Weirdness & Mutations

You are a tree.
Your roots penetrate the ground, keeping you stationary.
You cannot be teleported.
You are immune to unholy pain and torment.
Your maximum health is greatly increased.
Your equipment is partially melded.
You are small and have problems with some larger weapons.
You are somewhat resistant to further mutation.


Message History

Here: Narval's ghost (black smoke, fire blocked by a translucent stone wall)
The floor.
The orc priest shouts!
The orc shouts!
You hear a shout! x4
The orc priest calls down the wrath of Beogh upon you.
Beogh smites you!
There is an open door here.
An orc comes into view.
The orc throws a silver boomerang.
The silver boomerang hits you.
You close the door.
Narval's ghost laughs crazily.
There is an open door here.
The orc hits you with a +0 mace!
* * * LOW HITPOINT WARNING * * *
You barely miss the orc. The orc closely misses you.
The orc hits you with a +0 mace.
* * * LOW HITPOINT WARNING * * *
The orc priest mumbles some strange prayers to Beogh against you.
Beogh smites you!
* * * LOW HITPOINT WARNING * * *
There is an open door here.
There is an open door here.
The orc wizard gestures at you while chanting.
You are confused.
You bump into the rock wall.
You are too confused!
Okay, then.
It was a potion of lignification.
You turn into a tree.
Your +0 leather armour melds into your body.
Your roots penetrate the ground.
You cannot move. (Use ctrl+direction or * direction to attack without moving.)
You cannot move. (Use ctrl+direction or * direction to attack without moving.)
You cannot move. (Use ctrl+direction or * direction to attack without moving.)
You hit the orc.
The orc is moderately wounded.
The orc hits you with a +0 mace.
* * * LOW HITPOINT WARNING * * *
The orc priest mumbles some strange prayers to Beogh against you.
Beogh smites you!
You die...
Fedhas appreciates your contribution to the ecosystem.

#....o##...###......# ##
#..o.##.....##......#
#...o#.....o.#.[....#
#........_..o.......#
#....#.......####'###
#....##.....## #o#
#.....##...##.###o#########
#......##.##...#..........#
#####..<.....#.#♣o.o......#
#....#...#.#..........#
#....#...#.#..........#
#....# #.#..........#
#....#####............#
##........oo...#########
+...<#.#####.#.#
.######.#####...#
............##..#


You could see an orc priest, an orc wizard and 2 orcs.

Vanquished Creatures
  An orc wizard (D:2)
  2 adders
  An ooze (D:1)
  A dart slug (D:1)
  A leopard gecko (D:1)
  6 orcs
  5 bats
  9 giant cockroaches
  A goblin (D:1)
  11 hobgoblins
  5 kobolds
  2 quokkas
  A ball python (D:2)
  2 frilled lizards
  7 rats
55 creatures vanquished.

Notes
Turn   | Place    | Note
-------+----------+-------------------------------------------
     0 | D:1      | Gaff the Halfling Hunter began the quest for the Orb.
     0 | D:1      | Reached XP level 1. HP: 14/14 MP: 1/1
    24 | D:1      | Reached skill level 6 in Slings
    51 | D:1      | Reached XP level 2. HP: 14/19 MP: 2/2
   767 | D:1      | Reached XP level 3. HP: 24/24 MP: 3/3
  1456 | D:2      | Reached skill level 7 in Slings
  1456 | D:2      | Reached XP level 4. HP: 9/29 MP: 4/4
  2673 | D:2      | Found a blossoming altar of Fedhas.
  2686 | D:2      | Found a glowing golden altar of the Shining One.
  2699 | D:2      | Became a worshipper of Fedhas Madash
  3337 | D:3      | Found a radiant altar of Vehumet.
  3369 | D:3      | Found Vazeisey's Armour Emporium.
  3372 | D:3      | Found a runed translucent door.
  3408 | D:3      | Reached XP level 5. HP: 30/34 MP: 5/5
  4002 | D:2      | Reached skill level 1 in Invocations
  4464 | D:3      | Noticed Narval's ghost (amateur OgIE)
  4499 | D:3      | Killed from afar by an orc priest

Illustrated notes

Levels and vault maps discovered:
D:1:      lightli_arrival_lavapool, layout_basic
D:2:      minmay_evil_eye, layout_loops_corners,
          amethyst_overflow_temple_binary, kennysheep_decorative_pillar
D:3:      layout_basic, lemuel_round_altar, serial_shops, nicolae_shop_stone,
          ebering_ghost_inner_flame

Skill      XL: |  1  2  3  4  5 |
---------------+----------------+-----
Slings         | 6 7 |  7.9
Stealth        | 2 |  2.7
Invocations    | 1 |  1.0
Fighting       | |  1.7
Armour         | |  0.3
Dodging        | |  2.1

Action                   |  1- 3 |  4- 6 || total
-------------------------+-------+-------++-------
Melee: Short sword       |    67 |   175 ||   242
 Fire: Hunting sling     |       |    12 ||    12
  Use: Scroll            |       |     1 ||     1
       Potion            |       |     1 ||     1
 Stab: Sleeping          |     2 |     3 ||     5
       Distracted        |       |     1 ||     1
Armor: Leather armour    |     9 |    35 ||    44
Dodge: Dodged            |    50 |   154 ||   204

Table legend: (Time is in decaauts)
 A = Elapsed time spent in this place.
 B = Non-inter-level travel time spent in this place.
 C = Inter-level travel time spent in this place.
 D = Time resting spent in this place.
 E = Time spent auto-exploring this place.
 F = Levels seen in this place.
 G = Mean time per level.
                   A        B        C        D        E       F      G
               +--------+--------+--------+--------+--------+-----+--------+
         Total |   4526 |   4236 |    290 |   1880 |   1170 |   3 | 1508.7 |
       Dungeon |   4526 |   4236 |    290 |   1880 |   1170 |   3 | 1508.7 |
               +--------+--------+--------+--------+--------+-----+--------+

Top non-repeatable levels by time:
     D:2: 2432 daAuts
     D:1: 1301 daAuts
     D:3: 792 daAuts
